 Dungeon Crawl Stone Soup version 0.28-a0-823-gb444dcf96d (webtiles) character file.

Game seed: 14823336043597676814

67 porpoise the Conjurer (level 3, 0/19 HPs)
             Began as a Deep Elf Conjurer on Nov 10, 2021.
             Slain by an iguana (12 damage)
             ... on level 4 of the Dungeon.
             The game lasted 00:03:30 (1640 turns).

porpoise the Conjurer (Deep Elf Conjurer)           Turns: 1640, Time: 00:03:31

Health: 0/19       AC:  2    Str:  4    XL:     3   Next: 98%
Magic:  6/11       EV: 12    Int: 23    God:
Gold:   67         SH:  0    Dex: 13    Spells: 8/11 levels left

rFire   . . .      SeeInvis .   (no weapon)
rCold   . . .      Faith    .   (no shield)
rNeg    . . .      Spirit   .   a - +0 robe
rPois   .          Reflect  .   (no helmet)
rElec   .          Harm     .   (no cloak)
rCorr   .          Rampage  .   (no gloves)
Will    .....                   (no boots)
Stlth   ++........              (no amulet)
HPRegen 0.06/turn               (no ring)
MPRegen 0.12/turn               (no ring)

@: no status effects
A: no striking features
a: no special abilities


You were on level 4 of the Dungeon.
You visited 1 branch of the dungeon, and saw 3 of its levels.

You collected 67 gold pieces.

Inventory:

Missiles
 c - 44 stones
Armour
 a - a +0 robe (worn)
Magical Staves
 d - a staff of cold
Scrolls
 b - 2 scrolls of fog
Potions
 e - a potion of degeneration {unknown}
 f - a potion of might {unknown}


   Skills:
 - Level 2.4 Dodging
 - Level 2.4 Stealth
 + Level 4.6 Spellcasting
 + Level 5.3 Conjurations


You had 8 spell levels left.
You knew the following spells:

 Your Spells              Type           Power      Damage    Failure   Level
a - Magic Dart            Conj           100%       1d8       1%          1
b - Searing Ray           Conj           60%        2d6       1%          2

Your spell library contained the following spells:

 Spells                   Type           Power      Damage    Failure   Level
 Dazzling Flash           Conj/Hex       34%        N/A       10%         3
 Corpse Rot               Necr/Air       10%        N/A       16%         2
 Poisonous Vapours        Pois/Air       10%        N/A       16%         2
 Fulminant Prism          Conj/Hex       8%         3d7       32%         4
 Iskenderun's Mystic Bla  Conj/Tloc      17%        2d5       32%         4


Dungeon Overview and Level Annotations

Branches:
Dungeon (2/15)

Altars:


Message History

Press: ? - help, Shift-Dir - straight line, f - gnoll
Aim: a gnoll, wielding a +0 whip (almost dead, 82% to hit)
The searing ray hits the gnoll.
You kill the gnoll! (Press . to maintain the ray.) Unknown command.
You start resting.
You hear the slow rusting of a very distant drain.
You hear the slow hiss of a very distant avalanche of sand.
You start resting.
Magic restored.
You see here a +0 club.
Found a stone staircase leading down.
Things that are here:
a +0 whip; a gnoll corpse You see here a +0 whip.
Found a leather armour.
You open the door.
There is an open door here.
You hear the slow rusting of a distant drain.
You hear the hiss of a very distant avalanche of sand.
An iguana comes into view.
Casting: Searing Ray (safe; 1% risk of failure)
Confirm with . or Enter, or press ? or * to list all spells.
Aiming: Searing Ray (safe; 1% risk of failure)
Press: ? - help, Shift-Dir - straight line, f - iguana
Aim: an iguana (asleep, 100% to hit)
The searing ray hits the iguana!
The iguana is heavily wounded.
The iguana hisses angrily. (Press . to maintain the ray.)
The searing ray misses the iguana.
The searing ray hits the iguana.
The iguana is heavily wounded.
The iguana bites you!
The searing ray misses the iguana.
You finish channelling your searing ray.
The iguana bites you!
Ouch! That really hurt!
You die...

#.#####....##'####
#.# #.#####.....
#.# #.# #####. #.#
#.# #. #.# #.# #.
#.# #.# ## #.# #.#
#.# #.# #@# #.#
#.l.....#
#########


You could see an iguana.

Vanquished Creatures
  3 gnolls (D:4)
  3 bats
  2 endoplasms
  3 giant cockroaches (D:1)
  4 goblins
  5 hobgoblins
  2 kobolds (D:1)
  3 quokkas
  3 ball pythons
  5 frilled lizards (D:1)
  2 rats (D:1)
35 creatures vanquished.

Notes
Turn   | Place    | Note
-------+----------+-------------------------------------------
     0 | D:1      | porpoise the Deep Elf Conjurer began the quest for the Orb.
     0 | D:1      | Reached XP level 1. HP: 10/10 MP: 6/6
   284 | D:1      | Reached XP level 2. HP: 15/15 MP: 6/8
   447 | D:1      | Found a faded altar of an unknown god.
   680 | D:1      | Learned a level 2 spell: Searing Ray
  1099 | D:1      | Reached skill level 5 in Conjurations
  1099 | D:1      | Reached XP level 3. HP: 19/19 MP: 8/10
  1472 | D:2      | You fall into a shaft and drop 2 floors!
  1640 | D:4      | Slain by an iguana

Illustrated notes

Levels and vault maps discovered:
D:1:      amcnicky_arrival_blooded_trapdoor, layout_basic,
          chequers_ecumenical_altar_simple_redux
D:2:      layout_loops_corners, basic_altar, minmay_misc_feat_five,
          minmay_pentomino_t2
D:4:      layout_basic, gup_ossuary_entry_pyramid, portal_sewer_entry_e,
          uniq_grinder

Skill      XL: |  1  2 |
---------------+-------+-----
Spellcasting   | 4 |  4.6
Conjurations   | 5 |  5.3
Dodging        | |  2.4
Stealth        | |  2.4

Action                   || total
-------------------------++-------
 Cast: Magic Dart        ||    51
       Searing Ray       ||     5
  Use: Scroll            ||     2

Table legend: (Time is in decaauts)
 A = Elapsed time spent in this place.
 B = Non-inter-level travel time spent in this place.
 C = Inter-level travel time spent in this place.
 D = Time resting spent in this place.
 E = Time spent auto-exploring this place.
 F = Levels seen in this place.
 G = Mean time per level.
                   A        B        C        D        E       F      G
               +--------+--------+--------+--------+--------+-----+--------+
         Total |   1639 |   1615 |     24 |    575 |    916 |   3 |  546.3 |
       Dungeon |   1639 |   1615 |     24 |    575 |    916 |   3 |  546.3 |
               +--------+--------+--------+--------+--------+-----+--------+

Top non-repeatable levels by time:
     D:1: 1298 daAuts
     D:2: 173 daAuts
     D:4: 167 daAuts
